AoeStats
← ImperataR

Arabia

505677358Analyzed
2v2 RM · 23d ago on Sep 10, 2026· 53m 1s· 4 players
Game mode
Random Map
Map size
Medium (4 player)
Population
200
Speed
Normal
Resources
Standard
Victory
Conquest
Starting age
Dark Age
Ending age
Imperial Age
RankedLock teamsTeams togetherTeam positionsShared explorationLock speedFull tech treeHidden civsTurbo modeCheats
Victory
Defeat
🇦🇷 Sicilians · Argentina
856
+17
🇵🇪 Magyars · Peru
853
+17
🇿🇦 Persians · South Africa
942
-20
🇬🇪 Chinese · Georgia
802
-14
Piiro
3:30 Loom
10:51 Feudal Age
11:27 Double-Bit Axe
11:24 Horse Collar
26:24 Castle Age
25:41 Gold Mining
25:48 Stone Mining
26:57 Fletching
28:20 Wheelbarrow
32:12 Hand Cart
31:42 Town Watch
35:14 Imperial Age
32:32 Town Watch
32:45 Pikeman
34:46 Hand Cart
35:28 Bloodlines
35:20 Husbandry
Vane
9:53 Feudal Age
8:09 Loom
10:23 Double-Bit Axe
21:04 Castle Age
19:47 Scale Barding Armor
20:56 Bloodlines
20:43 Gold Mining
21:55 Horse Collar
22:43 Stone Mining
24:45 Chain Barding Armor
23:49 Light Cavalry
26:01 Wheelbarrow
26:13 Bow Saw
30:13 Heavy Plow
31:43 Murder Holes
36:11 Imperial Age
33:34 Fletching
33:45 Padded Archer Armor
34:24 Corvinian Army
36:34 Bodkin Arrow
36:55 Leather Archer Armor
37:18 Hand Cart
38:38 Chemistry
42:13 Ring Archer Armor
43:09 Gold Shaft Mining
43:22 Ballistics
43:29 Spies/Treason
46:17 Two-Man Saw
45:56 Plate Barding Armor
45:22 Bracer
47:32 Thumb Ring
46:48 Crossbowman
49:44 Elite Magyar Huszar
ImperataR
0:29 Loom
11:36 Feudal Age
14:13 Wheelbarrow
21:21 Horse Collar
24:04 Castle Age
HHH2323
2:36 Loom
14:39 Feudal Age
14:48 Man-at-Arms
16:32 Arson
20:30 Double-Bit Axe
25:21 Castle Age
26:07 Husbandry
31:08 Scale Barding Armor
Connection lost

Rejoining the realm…

Still unreachable

The connection could not be restored.

Session expired

The server has moved on; the page needs a fresh start.